 Dungeon Crawl Stone Soup version 0.23.2-1-ga50397a6bc (webtiles) character file.

Game seed: 18277475581544806747

273 Mrkan the Shield-Bearer (level 6, -1/39 HPs)
             Began as a Gargoyle Fighter on May 17, 2019.
             Slain by an orc (3 damage)
             ... on level 4 of the Dungeon.
             The game lasted 00:06:41 (2820 turns).

Mrkan the Shield-Bearer (Gargoyle Fighter)          Turns: 2820, Time: 00:06:42

Health: -1/39      AC: 11    Str: 25    XL:     6   Next: 23%
Magic:  6/6        EV:  7    Int: 10    God:
Gold:   172        SH: 10    Dex:  9    Spells: 5/5 levels left

rFire    . . .     SeeInvis .   a - +0 flail
rCold    . . .     Gourm    .   c - +0 shield
rNeg     + . .     Faith    .   b - +0 scale mail
rPois    ∞         Spirit   .   (no helmet)
rElec    +         Reflect  .   (no cloak)
rCorr    .         Harm     .   (no gloves)
MR       .....                  (no boots)
Stlth    ..........             (no amulet)
HPRegen  0.13/turn              (no ring)
MPRegen  0.10/turn              (no ring)

@: mighty
A: negative energy resistance 1, electricity resistance, unbreathing,
petrification resistance, rot immunity, AC +4
a: no special abilities


You were on level 4 of the Dungeon.
You were not hungry.

You visited 1 branch of the dungeon, and saw 4 of its levels.

You collected 172 gold pieces.

Inventory:

Hand Weapons
 a - a +0 flail (weapon)
 q - a +3 mace of venom
Armour
 b - a +0 scale mail (worn)
 c - a +0 shield (worn)
Jewellery
 i - a +6 ring of dexterity {unknown}
 l - a +2 ring of evasion {unknown}
Scrolls
 e - 2 scrolls of teleportation {unknown}
 g - 2 scrolls of enchant weapon {unknown}
 h - 7 scrolls of identify {unknown}
 o - a scroll of blinking {unknown}
 p - 3 scrolls of magic mapping {unknown}
Potions
 j - a potion of brilliance {unknown}
 k - 3 potions of mutation {unknown}
 m - a potion of invisibility {unknown}
 n - a potion of curing {unknown}
 r - a potion of degeneration {unknown}
Comestibles
 f - 4 rations


   Skills:
 + Level 4.6 Fighting
 * Level 4.6 Maces & Flails
 - Level 3.2 Armour
 + Level 4.6 Shields


You had 5 spell levels left.
You didn't know any spells.
Your spell library contained the following spells:

 Spells                   Type           Power        Failure   Level  Hunger
 Animate Skeleton         Necr           N/A          98%         1    ##.....
 Apportation              Tloc           #.....       98%         1    ##.....
 Confusing Touch          Hex            #.....       98%         1    ##.....
 Summon Small Mammal      Summ           #...         98%         1    ##.....


Dungeon Overview and Level Annotations

Branches:
Dungeon (4/15)
 Temple: D:4-7

Altars:
Cheibriados
Elyvilon
Sif Muna
Wu Jian
Yredelemnul
The Shining One


Innate Abilities, Weirdness & Mutations

You are resistant to torment.
Your stone body is resilient. (AC +4)
You are immune to poison.
You resist negative energy. (rN+)
You are resistant to electric shocks. (rElec)
You can survive without breathing.
You are immune to petrification.
You are immune to rotting.


Message History

The leopard gecko bites you but does no damage.
The orc hits you but does no damage. You block the orc's attack.
You block the leopard gecko's attack. The orc wizard barely misses you.
You barely miss the orc wizard. The orc hits you but does no damage.
An orc comes into view. It is wielding a +0 hand axe.
The orc barely misses you. You block the leopard gecko's attack.
The orc closely misses you. You block the orc wizard's attack.
The orc hits you with a +3 whip of draining.
* * * LOW HITPOINT WARNING * * *
The orc moves out of view.
Your shield prevents you from hitting the orc wizard.
The leopard gecko barely misses you. You block the orc's attack.
The orc hits you.
* * * LOW HITPOINT WARNING * * *
The orc wizard points at you and mumbles some strange words.
The magic dart hits you.
* * * LOW HITPOINT WARNING * * *
The leopard gecko closely misses you. You block the orc's attack.
You barely miss the orc wizard. The orc hits you.
You die...

# ..?.......
#.#.....>...
#.#......%#
.........##
######........##
#........%.....##
#oo............).
#@o.....†.(......
#ol......<.#.....
#a......%..# ...
#............. .
#..............
#................
#................
#..........(....>
#####....#....#


You could see a worker ant, an orc wizard, 3 orcs and a leopard gecko.

Vanquished Creatures
  An orc wizard (D:3)
  2 orc priests
  A worker ant (D:4)
  4 adders
  A shadow imp (D:3)
  2 worms
  3 dart slugs
  4 leopard geckos
  13 orcs
  5 ball pythons
  8 giant cockroaches
  6 hobgoblins
  9 jackals
  A quokka (D:3)
  7 bats
  8 frilled lizards
  7 goblins
  5 kobolds
  7 rats
94 creatures vanquished.

Notes
Turn   | Place    | Note
-------+----------+-------------------------------------------
     0 | D:1      | Mrkan the Gargoyle Fighter began the quest for the Orb.
     0 | D:1      | Reached XP level 1. HP: 14/14 MP: 1/1
    56 | D:1      | Reached XP level 2. HP: 17/19 MP: 2/2
   528 | D:1      | Reached XP level 3. HP: 22/23 MP: 3/3
  1009 | D:2      | Found a deep blue altar of Sif Muna.
  1087 | D:2      | Reached XP level 4. HP: 21/29 MP: 4/4
  1370 | D:2      | Found a basalt altar of Yredelemnul.
  1370 | D:2      | Found a snail-covered altar of Cheibriados.
  1371 | D:2      | Found an ornate altar of the Wu Jian Council.
  1608 | D:3      | Found a glowing golden altar of the Shining One.
  1628 | D:3      | Reached XP level 5. HP: 33/33 MP: 5/5
  1822 | D:3      | Found a faded altar of an unknown god.
  1959 | D:3      | Found a white marble altar of Elyvilon.
  2649 | D:4      | Noticed an ogre
  2801 | D:4      | Reached XP level 6. HP: 34/39 MP: 6/6
  2820 | D:4      | Slain by an orc

Skill      XL: |  1  2  3  4  5 |
---------------+----------------+-----
Maces & Flails | 3 4 |  4.6
Fighting       | 4 |  4.6
Shields        | 4 |  4.6
Armour         | |  3.2

Action                   |  1- 3 |  4- 6 || total
-------------------------+-------+-------++-------
Melee: Flail             |   159 |   217 ||   376
  Use: Potion            |       |     1 ||     1
  Eat: Chunk             |       |     7 ||     7
Armor: Scale mail        |   118 |   134 ||   252
Dodge: Dodged            |    70 |    84 ||   154
Block: Shield            |   109 |   130 ||   239
